AoeStats
← [xLERx] Eddie

Arena

508440895Analyzed
3v3 RM · 9d ago on Sep 22, 2026· 37m 13s· 6 players
Game mode
Random Map
Map size
Normal (6 player)
Population
200
Speed
Normal
Resources
Standard
Victory
Conquest
Starting age
Dark Age
Ending age
Imperial Age
RankedLock teamsTeams togetherTeam positionsShared explorationLock speedFull tech treeHidden civsTurbo modeCheats
Victory
Defeat
🇹🇼 Persians · Taiwan
1028
+12
🇹🇼 Italians · Taiwan
999
+13
🇹🇼 Franks · Taiwan
999
+13
🇨🇳 Poles · China
972
-13
🇺🇾 Turks · Uruguay
937
-13
🇨🇳 Spanish · China
914
-12
Petrucci!
10:50 Feudal Age
16:37 Castle Age
14:29 Horse Collar
15:59 Double-Bit Axe
16:01 Loom
17:08 Padded Archer Armor
17:31 Bloodlines
17:45 Heavy Plow
19:45 Stone Mining
22:39 Gold Mining
23:47 Bow Saw
26:17 Wheelbarrow
30:42 Imperial Age
29:20 Ballistics
29:18 Leather Archer Armor
30:46 Scale Barding Armor
31:30 Forging
32:44 Chain Barding Armor
33:31 Artillery
葛瓦斯
3:29 Loom
11:18 Feudal Age
12:47 Horse Collar
17:49 Castle Age
19:12 Loom
25:11 Wheelbarrow
25:05 Heavy Plow
24:56 Double-Bit Axe
25:11 Gold Mining
29:00 Hand Cart
31:22 Imperial Age
29:56 Stone Mining
30:18 Husbandry
30:28 Bloodlines
29:39 Light Cavalry
32:06 Forging
32:02 Scale Barding Armor
31:49 Fletching
34:21 Lechitic Legacy
34:21 Conscription
34:09 Szlachta Privileges
34:40 Hoardings
34:53 Iron Casting
34:30 Cavalier
36:00 Chain Barding Armor
36:40 Blast Furnace
37:23 Blast Furnace
tudouyayu
2:44 Loom
12:48 Feudal Age
17:21 Castle Age
15:59 Double-Bit Axe
15:56 Horse Collar
16:30 Gold Mining
17:14 Stone Mining
17:29 Fletching
28:06 Town Watch
29:00 Wheelbarrow
36:19 Imperial Age
33:50 Elite Skirmisher
34:34 Padded Archer Armor
35:12 Stone Shaft Mining
34:40 Heavy Plow
35:31 Murder Holes
36:07 Leather Archer Armor
36:18 Bow Saw
36:39 Fortified Wall
36:27 Bodkin Arrow
[xLERx] Eddie
2:09 Loom
11:38 Feudal Age
15:24 Castle Age
14:03 Double-Bit Axe
24:07 Bow Saw
27:38 Scale Barding Armor
30:17 Chain Barding Armor
29:47 Fletching
29:58 Padded Archer Armor
30:11 Forging
33:13 Imperial Age
30:17 Elite Skirmisher
30:49 Fletching
30:59 Padded Archer Armor
32:11 Gold Mining
32:59 Bodkin Arrow
33:20 Leather Archer Armor
33:15 Forging
33:50 Husbandry
33:41 Cavalier
34:36 Forging
36:08 Iron Casting
36:31 Conscription
35:54 Pikeman
36:35 Squires
36:21 Gambesons
[xLERx] wuchen
11:08 Feudal Age
12:32 Loom
15:06 Castle Age
21:04 Imperial Age
19:21 Fletching
19:46 Double-Bit Axe
20:10 Horse Collar
21:09 Crossbowman
23:55 Chemistry
24:44 Bodkin Arrow
28:35 Ballistics
32:30 Thumb Ring
35:29 Gold Mining
36:30 Wheelbarrow
36:17 Scale Mail Armor
[xLERx] littleseven
10:03 Feudal Age
11:33 Loom
15:01 Castle Age
13:40 Horse Collar
14:05 Double-Bit Axe
16:43 Bow Saw
20:07 Wheelbarrow
23:09 Gold Mining
23:28 Heavy Plow
24:39 Husbandry
24:52 Forging
24:48 Scale Barding Armor
26:58 Gold Shaft Mining
26:54 Bloodlines
27:21 Iron Casting
29:20 Imperial Age
27:03 Stone Mining
27:18 Town Watch
29:01 Chain Barding Armor
29:43 Cavalier
31:08 Hand Cart
32:25 Conscription
33:04 Plate Barding Armor
32:32 Squires
34:19 Blast Furnace
32:43 Savar
33:47 Fletching
33:58 Padded Archer Armor
33:21 Pikeman
35:37 Scale Mail Armor
Connection lost

Rejoining the realm…

Still unreachable

The connection could not be restored.

Session expired

The server has moved on; the page needs a fresh start.